cohdb
Replays
Latest Replays
All Replays
Popular Replays
Top Player Replays
Match Explorer
How It Works
Community
CoH3 Stats
Reddit
Sign in to upload your games and track your stats! →
Sign in with Steam
Match 46992230
Unlisted
Match 46992230
Overview
Messages
Build Orders
End
Pioneer Squad
Construct Infanterie Kompanie
Grenadier Squad
Selects Breakthrough Battlegroup
Selects Assault Grenadiers
Grenadier Squad
Grenadier Squad
Infanterie Officer Quarters
Construct Panzergrenadier Kompanie
[PD]Folscher
Apache
[PD]Bimbi
Spaghettiumborn™
Valieriumborn's Daddy
[82AD] PaulGMax
0
0
Comments
sign in to comment!
No comments posted yet!